 Dungeon Crawl Stone Soup version 0.27-a0-1245-g940ed4fa31 (webtiles) character file.

Game seed: 7270273411922592410

47 freelancePsychic the Magician (level 3, 0/29 HPs)
             Began as a Djinni Warper on June 9, 2021.
             Slain by an adder (2 damage)
             ... on level 3 of the Dungeon.
             The game lasted 00:05:37 (1819 turns).

freelancePsychic the Magician (Djinni Warper)       Turns: 1819, Time: 00:05:38

Health: 0/29       AC:  3    Str:  8 (10) XL:     3   Next: 97%
Gold:   42         EV: 11    Int: 12 (15) God:
                   SH:  0    Dex: 10 (12)

rFire    + + .     SeeInvis .   f - +1 dagger (speed)
rCold    x . .     Faith    .   (no shield)
rNeg     . . .     Spirit   .   b - +0 leather armour
rPois    ∞         Reflect  .   (no helmet)
rElec    .         Harm     .   (no cloak)
rCorr    .         Rampage  .   (no gloves)
Will     .....                  (boots unavailable)
Stlth    +.........             (no amulet)
HPRegen  0.09/turn              (no ring)
MPRegen  0.00/turn              (no ring)

@: flying
A: sickness immunity, fire resistance 2, cold vulnerability 1, float, innate
caster, hp casting, extra vitality 1
a: no special abilities


You were on level 3 of the Dungeon.
You visited 1 branch of the dungeon, and saw 3 of its levels.

You collected 42 gold pieces.

Inventory:

Hand Weapons
 f - a +1 dagger of speed (weapon)
Missiles
 e - 5 boomerangs of dispersal (quivered)
Armour
 b - a +0 leather armour (worn)
 c - a +0 ring mail
 i - a +0 pair of gloves
Jewellery
 g - a ring of protection from fire
Wands
 a - a wand of iceblast (11)


   Skills:
 + Level 2.6 Fighting
 - Level 1.7 Long Blades
 - Level 0.7 Throwing
 - Level 1.0 Armour
 - Level 2.1 Dodging
 * Level 3.3 Spellcasting


You couldn't memorise any spells.
You knew the following spells:

 Your Spells              Type           Power      Damage    Failure   Level
a - Blink                 Tloc           N/A        N/A       13%         2
b - Summon Small Mammal   Summ           36%        N/A       9%          1
c - Gell's Gravitas       Tloc           4%         N/A       26%         3
d - Teleport Other        Tloc           9%         N/A       26%         3
e - Manifold Assault      Tloc           9%         N/A       94%         5
f - Lesser Beckoning      Tloc           4%         N/A       26%         3
Your spell library was empty.

Dungeon Overview and Level Annotations

Branches:
Dungeon (3/15)

Altars:

Annotations:
D:2 Sigmund, Terence


Innate Abilities, Weirdness & Mutations

You are immune to sickness and miasma.
You are immune to poison.
Your flesh is very heat resistant. (rF++)
You are vulnerable to cold. (rC-)
You float through the air rather than walking.
You learn spells naturally, not from books.
Your magical power is your life essence.
You have superior vitality. (+4 HP)


Message History

Casting: Summon Small Mammal (safe; 9% risk of failure)
Confirm with . or Enter, or press ? or * to list all spells.
You blink.
* * * LOW HITPOINT WARNING * * *
A ball python comes into view.
Terence hits you with a +0 mace.
* * * LOW HITPOINT WARNING * * *
Blink to where?
Press: ? - help, Dir - move target
As you read the scroll of blinking, it crumbles to dust.
You fly downwards.
An iguana and a goblin come into view.
The goblin shouts!
The iguana hisses angrily.
You hear an angry hiss.
Found a whip.
There is a stone staircase leading up here.
Found 4 gold pieces.
A bat comes into view.
Found 15 arrows.
The bat hits the bush but does no damage.
The bat hits something but does no damage.
Something hits the bush but does no damage.
Something hits the bush but does no damage.
Something hits the bush but does no damage.
The goblin unwields a +0 club.
The goblin wields a +0 hunting sling.
The goblin shoots a stone.
The stone barely misses you.
Something hits the bush but does no damage.
You see here 15 arrows.
You aren't carrying any potions.
You aren't carrying any scrolls.
The goblin shoots a stone.
The stone barely misses you.
The goblin shoots a stone.
The stone hits you.
* * * LOW HITPOINT WARNING * * *
An adder comes into view.
The adder hisses angrily.
The goblin shoots a stone.
The stone closely misses you.
The goblin shoots a stone.
The stone misses you. The adder bites you.
* * * LOW HITPOINT WARNING * * *
The adder bites you.
You die...

#........ #.......l
#........ ##<###
####### #....#
#.....# ##....#
#.....#####..PPP#..
#.......##....P.....
#.....#g.S@.♣♣P...$..
###g###.l..PP♣P)♣....
#.###.PP♣♣♣♣ ♣♣....
#..(...PP .P..
#####.#....♣ ..
#.##PP♣♣ #.# #.P♣ #.#
#.P ... ..#


You could see an iguana, an adder and a goblin.

Vanquished Creatures
  An adder (D:1)
  2 worms (D:2)
  5 ball pythons
  4 endoplasms (D:1)
  A giant cockroach (D:1)
  4 goblins (D:1)
  3 hobgoblins (D:1)
  4 kobolds (D:1)
  A quokka (D:1)
  3 bats (D:1)
  A frilled lizard (D:2)
  A rat (D:1)
30 creatures vanquished.

Vanquished Creatures (others)
  A plant (D:3)
1 creature vanquished.

Grand Total: 31 creatures vanquished

Notes
Turn   | Place    | Note
-------+----------+-------------------------------------------
     0 | D:1      | freelancePsychic the Djinni Warper began the quest for the
                  | Orb.
     0 | D:1      | Reached XP level 1. HP: 18/18 MP: 0/0
   107 | D:1      | Reached XP level 2. HP: 23/23 MP: 0/0
   487 | D:1      | Reached skill level 3 in Spellcasting
   611 | D:1      | Reached XP level 3. HP: 16/28 MP: 0/0
   611 | D:1      | Learned a level 1 spell: Summon Small Mammal
  1043 | D:1      | Found a faded altar of an unknown god.
  1308 | D:2      | Noticed Sigmund
  1721 | D:2      | Noticed Terence
  1788 | D:2      | HP: 1/29 [Terence/+0 mace (4)]
  1819 | D:3      | Slain by an adder

Illustrated notes

Levels and vault maps discovered:
D:1:      onia_arrival_mini_spirals, layout_rooms,
          shapermc_ecumenical_altar_notcrosses
D:2:      layout_rooms, uniq_terence, uniq_sigmund
D:3:      layout_basic, kiku_gazebo_garden_becter, serial_forest,
          infiniplex_forest_clump_cross, infiniplex_forest_straight_3,
          infiniplex_forest_end_double, infiniplex_forest_lined_2,
          infiniplex_forest_zigzag_2, infiniplex_forest_zigzag_1,
          chequers_mini_garden, chequers_serial_rivers_small_3

Skill      XL: |  1  2 |
---------------+-------+-----
Spellcasting   | 3 |  3.3
Fighting       | |  2.6
Long Blades    | |  1.7
Throwing       | |  0.7
Armour         | |  1.0
Dodging        | |  2.1

Action                   || total
-------------------------++-------
Melee: Falchion          ||    10
       Dagger            ||   147
 Cast: Summon Small Mamm ||    10
       Blink             ||     1
  Use: Scroll            ||     4
       Potion            ||     1
 Stab: Sleeping          ||     1
Armor: Leather armour    ||    33
Dodge: Dodged            ||    66
       Rpst.: Falchion   ||     1

Table legend: (Time is in decaauts)
 A = Elapsed time spent in this place.
 B = Non-inter-level travel time spent in this place.
 C = Inter-level travel time spent in this place.
 D = Time resting spent in this place.
 E = Time spent auto-exploring this place.
 F = Levels seen in this place.
 G = Mean time per level.
                   A        B        C        D        E       F      G
               +--------+--------+--------+--------+--------+-----+--------+
         Total |   1770 |   1673 |     97 |    349 |    909 |   3 |  590.0 |
       Dungeon |   1770 |   1673 |     97 |    349 |    909 |   3 |  590.0 |
               +--------+--------+--------+--------+--------+-----+--------+

Top non-repeatable levels by time:
     D:1: 1367 daAuts
     D:2: 375 daAuts
     D:3: 27 daAuts
